 Dungeon Crawl Stone Soup version 0.29.0-4-gdea44cf6ec (webtiles) character file.

Game seed: 14485777716313565305

52 qw the Chopper (level 3, 0/21 HPs)
             Began as a Tengu Warper on Aug 28, 2022.
             Succumbed to their own poison gas
             ... on level 1 of the Dungeon.
             The game lasted 00:00:07 (1633 turns).

qw the Chopper (Tengu Warper)                       Turns: 1633, Time: 00:00:07

Health: 0/21       AC:  6    Str: 13    XL:     3   Next: 85%
Magic:  7/7        EV: 11    Int: 13    God:
Gold:   53         SH:  0    Dex: 19    Spells: 6/6 levels left

rFire   . . .      SeeInvis .   Y - +0 hand axe (flame)
rCold   . . .      Faith    .   (no shield)
rNeg    . . .      Spirit   .   f - +0 ring mail
rPois   .          Reflect  .   (helmet restricted)
rElec   .          Harm     .   l - scarf {repulsion}
rCorr   .          Rampage  .   j - +0 pair of gloves
Will    .....                   (boots unavailable)
Stlth   +.........              (no amulet)
HPRegen 0.07/turn               i - +6 ring of dexterity
MPRegen 0.10/turn               (no ring)

@: lethally poisoned (0 -> -8), repel missiles
A: beak, talons 3
a: no special abilities


You were on level 1 of the Dungeon.
You visited 1 branch of the dungeon, and saw 1 of its levels.

You collected 53 gold pieces.


Innate Abilities, Weirdness & Mutations

You have a beak for a mouth.
You have claws for feet.


   Skills:
 - Level 2.0 Fighting
 + Level 4.4 Axes
 - Level 1.0 Throwing
 - Level 1.1 Armour
 - Level 2.1 Dodging
 - Level 2.0 Spellcasting
 - Level 2.4 Translocations


You had 6 spell levels left.
You didn't know any spells.
Your spell library contained the following spells:

 Spells                   Type           Power      Damage    Failure   Level
 Blink                    Tloc           14%        N/A       30%         2
 Gell's Gravitas          Tloc           7%         N/A       52%         3
 Lesser Beckoning         Tloc           7%         N/A       52%         3
 Teleport Other           Tloc           7%         N/A       52%         3
 Manifold Assault         Tloc           7%         N/A       99%         5

Inventory:

Hand Weapons
 Y - a +0 hand axe of flaming (weapon)
Armour
 f - a +0 ring mail (worn)
 j - a +0 pair of gloves (worn)
 l - a scarf of repulsion (worn)
Jewellery
 i - a +6 ring of dexterity (left hand)
Scrolls
 n - a scroll of identify
Potions
 e - a potion of brilliance {unknown}
 h - a potion of ambrosia {unknown}
 o - a potion of curing {unknown}

Dungeon Overview and Level Annotations

Branches:
Dungeon (1/15)

Altars:


Message History

1623 ||| READING scroll labelled VUZIRO WAENUIN.
As you read the scroll labelled VUZIRO WAENUIN, it crumbles to dust.
It is a scroll of brand weapon.
Your +0 hand axe is engulfed in flames!
Y - a +0 hand axe of flaming (weapon)
1624 ||| DROPPING +0 flail.
You drop a +0 flail.
Done exploring.
1625 ||| READING scroll labelled XOYPSU VIBULUCK.
The air fills with toxic fumes!
As you read the scroll labelled XOYPSU VIBULUCK, it crumbles to dust.
It was a scroll of poison.
Done exploring.
1626 ||| READING 2 scrolls labelled ZEUMA SECZYUL.
As you read the scroll labelled ZEUMA SECZYUL, it crumbles to dust.
It is a scroll of identify.
Really abort (and waste the scroll)?
Done exploring.
1627 ||| DROPPING scroll of blinking.
You drop a scroll of blinking.
Done exploring.
(D) Dungeon
Where to? (* - list waypoints, ? - help)
What level of the Dungeon? (default 1, ? - help) Sorry, I don't know how to get there.
Done exploring.
1628 ||| Stepping randomly (stuck).
Really walk into that cloud of poison gas?
You are engulfed in poison gas.
You are lethally poisoned!
You feel very sick.
1629 ||| Stepping ~*~*~tactically~*~*~ (cloud).
You feel very sick.
Things that are here:
a scroll of blinking; a +0 flail; a +0 leather armour
There is a lethal amount of poison in your body!
You feel very sick.
There is a lethal amount of poison in your body!
You feel very sick.
There is a lethal amount of poison in your body!
You feel sick.
There is a lethal amount of poison in your body!
You die...

## #############
.## #....^..¤.0¤#
..####.#########0#
....##.# #¤#
7.>..#.# #0#
7..#.#.####### #@#
77.#.......).# #¤#
77.#.#.#####.# #¤#
77.#.#.# #.# #¤#
7....#.# #.# #¤#
7.>###.# #.# #¤#
.### #.#####.###0#
## #...........#
############.#####


There were no monsters in sight!

Vanquished Creatures
  A gnoll (D:1)
  3 dart slugs (D:1)
  2 bats (D:1)
  4 endoplasms (D:1)
  2 giant cockroaches (D:1)
  4 goblins (D:1)
  2 hobgoblins (D:1)
  2 jackals (D:1)
  6 kobolds (D:1)
  2 ball pythons (D:1)
  3 frilled lizards (D:1)
  3 rats (D:1)
34 creatures vanquished.

Notes
Turn   | Place    | Note
-------+----------+-------------------------------------------
     0 | D:1      | qw the Tengu Warper began the quest for the Orb.
     0 | D:1      | Reached XP level 1. HP: 12/12 MP: 4/4
     0 | D:1      | 0 ||| qw: Version: 0.1-a-89-g26bdef1
     0 | D:1      | 0 ||| qw: Game counter: 2188
     0 | D:1      | 0 ||| qw: Always use a shield: true
     0 | D:1      | 0 ||| qw: God list: Okawaru
     0 | D:1      | 0 ||| qw: Allow faded altars: false
     0 | D:1      | 0 ||| qw: Do Orc after D:15 true
     0 | D:1      | 0 ||| qw: Do second Lair branch before Depths: true
     0 | D:1      | 0 ||| qw: Lair rune preference: random
     0 | D:1      | 0 ||| qw: Plans: Normal
     0 | D:1      | 0 ||| PLANNING D:1-11
    15 | D:1      | 15 ||| Stepping ~*~*~tactically~*~*~ (stealth).
   218 | D:1      | 218 ||| Stepping ~*~*~tactically~*~*~ (stealth).
   225 | D:1      | 225 ||| Stepping ~*~*~tactically~*~*~ (stealth).
   280 | D:1      | Reached XP level 2. HP: 13/17 MP: 6/6
   303 | D:1      | Reached skill level 3 in Axes
   525 | D:1      | 525 ||| Stepping ~*~*~tactically~*~*~ (stealth).
   529 | D:1      | 529 ||| Stepping ~*~*~tactically~*~*~ (stealth).
   568 | D:1      | Reached XP level 3. HP: 18/21 MP: 7/7
   873 | D:1      | Reached skill level 4 in Axes
  1376 | D:1      | 1376 ||| DROPPING +0 club.
  1600 | D:1      | 1600 ||| UPGRADING to +0 ring mail.
  1610 | D:1      | 1610 ||| DROPPING +0 leather armour.
  1611 | D:1      | 1611 ||| UPGRADING to +0 pair of gloves.
  1616 | D:1      | 1616 ||| UPGRADING to scarf of repulsion.
  1621 | D:1      | 1621 ||| UPGRADING to +6 ring of dexterity.
  1622 | D:1      | 1622 ||| READING scroll labelled RONOCHUACS.
  1623 | D:1      | 1623 ||| READING scroll labelled VUZIRO WAENUIN.
  1624 | D:1      | 1624 ||| DROPPING +0 flail.
  1625 | D:1      | 1625 ||| READING scroll labelled XOYPSU VIBULUCK.
  1626 | D:1      | 1626 ||| READING 2 scrolls labelled ZEUMA SECZYUL.
  1627 | D:1      | 1627 ||| DROPPING scroll of blinking.
  1628 | D:1      | 1628 ||| Stepping randomly (stuck).
  1629 | D:1      | 1629 ||| Stepping ~*~*~tactically~*~*~ (cloud).
  1631 | D:1      | HP: 3/21 [poisoned by you (poison gas)]
  1632 | D:1      | HP: 1/21 [poisoned by you (poison gas)]
  1633 | D:1      | Succumbed to their own poison gas

Levels and vault maps discovered:
D:1:      heliophobic_arrival_henge, layout_loops_ring

Skill      XL: |  1  2  3 |
---------------+----------+-----
Axes           | 3 4 |  4.4
Fighting       | |  2.0
Throwing       | |  1.0
Armour         | |  1.1
Dodging        | |  2.1
Spellcasting   | |  2.0
Translocations | |  2.4

Action                   || total
-------------------------++-------
Melee: Hand axe          ||    77
       Kick              ||    22
       Peck              ||     9
Throw: Boomerang         ||     7
  Use: Scroll            ||     4
Armor: Leather armour    ||    10
Dodge: Dodged            ||    38

Table legend:
 A = Non-vault XP
 B = Vault XP
 C = Vault XP percentage of total XP
 D = Non-vault monster count
 E = Vault monster count
 F = Vault count percentage of total count
                 A         B        C        D         E       F
            +---------+---------+-------+---------+---------+-------
      Total |      75 |       0 |   0.0 |      34 |       0 |   0.0
            +---------+---------+-------+---------+---------+-------
        D:1 |      75 |       0 |   0.0 |      34 |       0 |   0.0
            +---------+---------+-------+---------+---------+-------
